 Dungeon Crawl Stone Soup version 0.29-a0-298-g3c90f9a769 (webtiles) character file.

Game seed: 609758740967597864

287 tilp the Chiller (level 6, 28/28 HPs)
             Began as a Felid Ice Elementalist on Mar 22, 2022.
             Was an Initiate of Vehumet.
             Quit the game on level 6 of the Dungeon.
             The game lasted 00:11:05 (7099 turns).

tilp the Chiller (Felid Ice Elementalist)           Turns: 7099, Time: 00:11:05

Health: 28/28      AC:  2    Str:  4    XL:     6   Next: 8%
Magic:  11/11      EV: 18    Int: 23    God:    Vehumet [......]
Gold:   268        SH:  0    Dex: 16    Spells: 0/11 levels left
                                        Lives:  0   Deaths: 2

rFire   x . .      SeeInvis +     - Unarmed
rCold   + . .      Faith    .   (shield unavailable)
rNeg    + . .      Spirit   .   (body armour unavailable)
rPois   .          Reflect  .   (helmet unavailable)
rElec   .          Harm     .   (cloak unavailable)
rCorr   .          Rampage  .   (gloves unavailable)
Will    .....                   (boots unavailable)
Stlth   +++.......              (no amulet)
HPRegen 0.09/turn               h - ring of ice
MPRegen 0.12/turn               d - ring of Leclyaxzu {rN+ Int+4}

@: quick
A: very small, claws 1, fangs 3, see invisible, speed 1, shaggy fur 2, stealthy
paws, no weapons or thrown items, no armour, multi-lived
a: Renounce Religion


You were on level 6 of the Dungeon.
You worshipped Vehumet.
Vehumet was noncommittal.
You visited 2 branches of the dungeon, and saw 7 of its levels.

You collected 268 gold pieces.

Inventory:

Jewellery
 d - the ring of Leclyaxzu (right paw) {rN+ Int+4}
   (You found it on level 5 of the Dungeon)

   [ring of positive energy]

   Int:       It affects your intelligence (+4).
   rN:        It protects you from negative energy.
 h - a ring of ice (left paw)
 j - a +6 ring of dexterity
Scrolls
 g - 2 scrolls of teleportation
Potions
 b - 4 potions of curing
 c - a potion of haste {unknown}
 e - 3 potions of lignification
 f - a potion of heal wounds {unknown}


   Skills:
 + Level 4.0 Fighting
 - Level 4.0 Dodging
 - Level 6.0 Stealth
 - Level 2.0 Unarmed Combat
 + Level 3.0 Spellcasting
 * Level 0.5 Conjurations
 + Level 6.0 Ice Magic


You couldn't memorise any spells.
You knew the following spells:

 Your Spells              Type           Power      Damage    Failure   Level
a - Freeze                Ice            100%       1d11      1%          1
b - Frozen Ramparts       Ice            92%        1d11      3%          3
c - Ozocubu's Armour      Ice            46%        N/A       3%          3
d - Hailstorm             Conj/Ice       28%        3d8       30%         4

Your spell library contained the following spells:

 Spells                   Type           Power      Damage    Failure   Level
 Ensorcelled Hibernation  Hex/Ice        52%        N/A       4%          2
 Sandblast                Erth           6%         2d5       12%         1
 Slow                     Hex            12%        N/A       12%         1
 Summon Small Mammal      Summ           12%        N/A       12%         1
 Passwall                 Tmut/Erth      2%         N/A       17%         2
 Stone Arrow              Conj/Erth      8%         3d7       30%         3
 Call Canine Familiar     Summ           3%         N/A       34%         3
 Confusing Touch          Hex            3%         N/A       34%         3
 Spider Form              Tmut/Pois      3%         N/A       34%         3
 Summon Guardian Golem    Hex/Summ       3%         N/A       34%         3
 Vampiric Draining        Necr           3%         2d6       34%         3
 Anguish                  Hex/Necr       1%         N/A       75%         4
 Freezing Cloud           Conj/Ice/Air   10%        6-21      78%         5
 Ozocubu's Refrigeration  Ice            23%        4d9       100%        7


Dungeon Overview and Level Annotations

Branches:
Dungeon (6/15)             Temple (1/1) D:5

Altars:
Cheibriados
Dithmenos
Elyvilon
Fedhas
Gozag
Hepliaklqana
Kikubaaqudgha
Makhleb
Nemelex Xobeh
Okawaru
Qazlal
Ru
Uskayaw
Vehumet
Wu Jian
Xom
Yredelemnul
Zin
The Shining One

Annotations:
D:4 2 transporters
D:5 exclusions: ice beast and troll


Innate Abilities, Weirdness & Mutations

You have sharp claws.
You have razor-sharp teeth.
You have supernaturally acute eyesight. (SInv)
You cover ground quickly. (Speed+)
You are covered in thick fur. (AC +2)
Your paws help you pounce on unaware monsters.
You are incapable of wielding weapons or throwing items.
You cannot wear armour.
You gain extra lives every three experience levels.


Message History

Unknown command.
(D) Dungeon (T) Temple
Where to? (Enter - D:5 @ (x,y), ? - help)
There is an escape hatch in the floor here.
There is a stone staircase leading down here.
You climb downwards.
The orc priest shouts!
The orc shouts!
There is a stone staircase leading up here.
There are monsters nearby!
Unknown command.
Casting: Freeze (safe; 1% risk of failure)
Confirm with . or Enter, or press ? or * to list all spells.
Casting: Frozen Ramparts (dangerous; 3% risk of failure)
Press: ? - help, Dir - look around, f - activate A stone staircase leading up.
You feel a surge of power!
The walls around you are covered in ice.
The orc priest shouts!
You hear a shout!
The wall freezes the adder.
The adder seems to slow down.
The adder closely misses you.
The orc priest miscasts a cantrip.
Unknown command.
The wall freezes the adder!
You kill the adder!
Vehumet accepts your kill.
The orc priest mumbles some strange prayers to Beogh against you.
Beogh smites you!
The orc priest mumbles some strange prayers to Beogh against you.
Beogh smites you!
* * * LOW HITPOINT WARNING * * *
Unknown command.
Your frozen ramparts will break if you move.
Continue?
The orc priest calls down the wrath of Beogh upon you.
Beogh smites you!
You stop ascending the stairs.
You die...
An orc comes into view. It is wielding a +0 flail.
The orc priest looks satisfied for a moment.
You are now level 6!
You rejoin the land of the living...
Are you sure you want to abandon this character and quit the game? (Confirm with "yes".)

###########
#..........
#..@.......
#..........
#..........
#.....##...
#.....# ..
#...... .
#......#
#......#


There were no monsters in sight!

Vanquished Creatures
  A black bear (D:5)
  A gnoll sergeant (D:5)
  2 scorpions (D:5)
  5 wights (D:5)
  2 hounds (D:5)
  A jelly (D:4)
  3 iguanas
  6 adders
  5 gnolls (D:5)
  An ufetubus (D:5)
  4 worms
  6 dart slugs
  2 orcs (D:3)
  9 ball pythons
  3 endoplasms
  3 giant cockroaches (D:4)
  6 goblins
  7 hobgoblins
  5 kobolds
  6 quokkas
  7 bats
  4 frilled lizards
  9 rats
98 creatures vanquished.

Notes
Turn   | Place    | Note
-------+----------+-------------------------------------------
     0 | D:1      | tilp the Felid Ice Elementalist began the quest for the
                  | Orb.
     0 | D:1      | Reached XP level 1. HP: 7/7 MP: 4/4
   309 | D:1      | Reached XP level 2. HP: 11/11 MP: 1/6
  1177 | D:2      | Reached XP level 3. HP: 14/14 MP: 3/7
  1201 | D:1      | Learned a level 3 spell: Frozen Ramparts
  1786 | D:2      | Learned a level 3 spell: Ozocubu's Armour
  2143 | D:3      | Reached XP level 4. HP: 15/18 MP: 0/9
  2835 | D:3      | Reached skill level 5 in Ice Magic
  3827 | D:4      | Reached XP level 5. HP: 21/21 MP: 2/10
  3935 | D:4      | Found a stormy altar of Qazlal.
  3937 | D:4      | Found a snail-covered altar of Cheibriados.
  4016 | D:4      | Found a transporter.
  4016 | D:4      | Found a transporter.
  4323 | D:4      | Found a shadowy altar of Dithmenos.
  4688 | D:4      | Found a glowing silver altar of Zin.
  4918 | D:5      | Entered Level 5 of the Dungeon
  4918 | D:5      | Noticed a black bear
  4922 | D:5      | Killed a black bear
  4923 | D:5      | Reached skill level 1 in Fighting
  4923 | D:5      | Gained mutation: You are covered in thick fur. (AC +2)
                  | [Felid growth]
  4923 | D:5      | Reached XP level 6. HP: 20/25 MP: 7/11
  4999 | D:5      | Reached skill level 1 in Unarmed Combat
  5050 | D:5      | Identified the +0 scale mail of the Sacrificial Victim
                  | {Harm rPois rCorr Dex+2}
  5064 | D:5      | Got the Tome of Snow and Hexes
  5373 | D:5      | Found a staircase to the Ecumenical Temple.
  5386 | Temple   | Entered the Ecumenical Temple
  5591 | Temple   | Became a worshipper of Vehumet
  5645 | D:5      | Noticed a troll
  5927 | D:5      | Learned a level 4 spell: Hailstorm
  6268 | D:5      | Reached XP level 7. HP: 30/30 MP: 12/12
  6290 | D:5      | Slain by a wight
  6291 | D:5      | Reached XP level 6. HP: 0/23 MP: 11/11
  6489 | D:5      | Reached skill level 5 in Stealth
  6866 | D:5      | Reached XP level 7. HP: 32/32 MP: 4/12
  6999 | D:5      | Identified the ring of Leclyaxzu {rN+ Int+4}
  7098 | D:6      | Killed from afar by an orc priest
  7099 | D:6      | Reached XP level 6. HP: -1/28 MP: 9/11
  7099 | D:6      | Quit the game

Illustrated notes

Levels and vault maps discovered:
D:1:      dpeg_arrival_tiny_a, layout_basic, kennysheep_doodads,
          nicolae_concentric_dashed_squares_wild,
          chequers_serial_rivers_small_3, minmay_strange_pillars
D:2:      layout_basic, minivault_5, minmay_cupped
D:3:      layout_loops_cross, nrook_mini_backslash, minmay_misc_feat_cross,
          minmay_liquid_box, minmay_misc_feat_four_crosses
D:4:      gammafunk_wand_slinger, layout_loops_corners,
          nicolae_overflow_hidden_temple, old_standard_altar, dk_noncrumbling_3
D:5:      layout_rooms, minmay_temple_entry_waves, small_statue_alley_b,
          serial_bayou_pond_a, hangedman_decor_growths
D:6:      layout_gridville, minmay_shop_enchanted_jewellery, minivault_5,
          uniq_prince_ribbit1
Temple:   regret_index_temple_generic_petals

Skill      XL: |  1  2  3  4  5  6  7 |
---------------+----------------------+-----
Ice Magic      | 4 5 6 |  6.0
Spellcasting   | 3 |  3.0
Fighting       | 1 4 3 |  4.0
Dodging        | 3 4 |  4.0
Stealth        | 3 6 |  6.0
Unarmed Combat | 1 2 |  2.0
Conjurations   | |  0.5

Action                   |  1- 3 |  4- 6 |  7- 9 || total
-------------------------+-------+-------+-------++-------
Melee: Unarmed           |    13 |    22 |    22 ||    57
       Bite              |     2 |     1 |     5 ||     8
 Cast: Freeze            |    47 |    40 |       ||    87
       Frozen Ramparts   |     6 |    29 |     1 ||    36
       Ozocubu's Armour  |     2 |    21 |       ||    23
  Use: Scroll            |     3 |     7 |     1 ||    11
       Potion            |       |     3 |       ||     3
 Stab: Sleeping          |     8 |     4 |       ||    12
Armor: Skin              |     6 |     8 |     3 ||    17
Dodge: Dodged            |    24 |    53 |    12 ||    89

Table legend: (Time is in decaauts)
 A = Elapsed time spent in this place.
 B = Non-inter-level travel time spent in this place.
 C = Inter-level travel time spent in this place.
 D = Time resting spent in this place.
 E = Time spent auto-exploring this place.
 F = Levels seen in this place.
 G = Mean time per level.
                   A        B        C        D        E       F      G
               +--------+--------+--------+--------+--------+-----+--------+
         Total |   6439 |   6181 |    258 |   1182 |   4122 |   7 |  919.9 |
       Dungeon |   6239 |   6025 |    214 |   1182 |   3972 |   6 | 1039.8 |
        Temple |    200 |    156 |     44 |      0 |    150 |   1 |  200.0 |
               +--------+--------+--------+--------+--------+-----+--------+

Top non-repeatable levels by time:
     D:3: 1474 daAuts
     D:5: 1437 daAuts
     D:4: 1383 daAuts
     D:1: 1119 daAuts
     D:2: 820 daAuts
  Temple: 200 daAuts
     D:6: 3 daAuts
